[ PARTIDA AOE2 · #469118490 ]
UnrankedKitán vs Japanese
Equipo del jugador · VICT
Equipo rival · DERR
[ ANÁLISIS DE REPETICIÓN · EXTRAÍDO DE LA PARTIDA GRABADA ]
Feudal
—
Castillos
—
Imperial
—
| APM promedio | 89.7 |
| APM pico | 119 |
| eAPM promedio | 17.0 |
| Aldeanos / militares | 21 / 0 |
Foco
⚔️ 35.4% · 🌾 64.6%
Feudal
—
Castillos
—
Imperial
—
| APM promedio | 72.5 |
| APM pico | 90 |
| eAPM promedio | 18.4 |
| Aldeanos / militares | 16 / 0 |
Foco
⚔️ 54.5% · 🌾 45.5%
Mapa de la partida
Recursos iniciales + cada clic de construcción. Líneas = muros · curvas = relieve. ◆ oro · ⬟ piedra · ● bayas · ✦ reliquia · ◌ hueco del cierre
Tu base
Base de alesh
Terreno inicial suavizado · ◌ = hueco del cierre detectado · pasá el cursor para detalles
Inputs por minuto
— vollkrassher - - alesh
Build order — vollkrassher
25 acciones detectadas en el replay
| 0:00 | Crear | Villager (Male) |
| 0:00 | Crear | Villager (Male) |
| 0:00 | Crear | Villager (Male) |
| 0:00 | Crear | Villager (Male) |
| 0:00 | Crear | Villager (Male) |
| 0:01 | Construir | House |
| 0:02 | Construir | House |
| 1:33 | Crear | Villager (Male) |
| 1:59 | Crear | Villager (Male) |
| 2:07 | Crear | Villager (Male) |
| 2:07 | Crear | Villager (Male) |
| 2:11 | Construir | Lumber Camp |
| 2:46 | Crear | Villager (Male) |
| 2:46 | Crear | Villager (Male) |
| 2:59 | Crear | Villager (Male) |
| 3:34 | Crear | Villager (Male) |
| 3:34 | Crear | Villager (Male) |
| 3:48 | Construir | House |
| 4:10 | Crear | Villager (Male) |
| 4:10 | Crear | Villager (Male) |
| 4:34 | Crear | Villager (Male) |
| 4:35 | Crear | Villager (Male) |
| 4:35 | Crear | Villager (Male) |
| 4:53 | Crear | Villager (Male) |
| 4:53 | Crear | Villager (Male) |
Build order — alesh
21 acciones detectadas en el replay
| 0:00 | Crear | Villager (Male) |
| 0:00 | Crear | Villager (Male) |
| 0:01 | Crear | Villager (Male) |
| 0:01 | Crear | Villager (Male) |
| 0:03 | Construir | House |
| 0:04 | Construir | House |
| 1:23 | Crear | Villager (Male) |
| 2:03 | Crear | Villager (Male) |
| 2:10 | Construir | Lumber Camp |
| 2:14 | Crear | Villager (Male) |
| 2:54 | Crear | Villager (Male) |
| 2:54 | Crear | Villager (Male) |
| 3:11 | Crear | Villager (Male) |
| 3:44 | Crear | Villager (Male) |
| 4:01 | Construir | House |
| 4:05 | Crear | Villager (Male) |
| 4:05 | Crear | Villager (Male) |
| 4:29 | Crear | Villager (Male) |
| 4:45 | Construir | Barracks |
| 4:57 | Crear | Villager (Male) |
| 4:57 | Crear | Villager (Male) |
Cronología de la partida
| 4:45 | alesh · first_building Barracks |
| 5:06 | alesh · resign |
[ ANÁLISIS IA · 1 CRÉDITO ]
¿Qué pasó realmente en esta partida?
Wolo.gg analiza cada decisión: build order, eco, micro, errores típicos por bracket. Análisis personalizado por WhatsApp o Discord en 30 segundos.
Guía civ
Kitán
Perfil
Jugador #10289734